AoeStats
← fonsovich

Black Forest

504864781Analyzed
4v4 RM · 24d ago on Sep 6, 2026· 52m 17s· 8 players
Game mode
Random Map
Map size
Large (8 player)
Population
200
Speed
Normal
Resources
Standard
Victory
Conquest
Starting age
Dark Age
Ending age
Imperial Age
RankedLock teamsTeams togetherTeam positionsShared explorationLock speedFull tech treeHidden civsTurbo modeCheats
Victory
Defeat
🇦🇷 Persians · Argentina
696
+8
🇨🇱 Chinese · Chile
688
+8
🇨🇦 Turks · Canada
601
+11
🇧🇬 Slavs · Bulgaria
570
+12
🇺🇸 Japanese · United States
613
-15
🇦🇷 Huns · Argentina
503
-10
🇬🇧 Teutons · United Kingdom
456
-8
🇨🇳 Spanish · China
378
-6
zelda699
2:05 Loom
14:37 Feudal Age
26:46 Wheelbarrow
26:36 Stone Mining
26:37 Gold Mining
33:01 Castle Age
32:55 Double-Bit Axe
32:53 Horse Collar
33:57 Hand Cart
34:51 Forging
34:41 Scale Mail Armor
34:49 Gambesons
35:05 Squires
34:50 Arson
34:27 Pikeman
38:36 Yasama
39:03 Bow Saw
40:21 Iron Casting
40:02 Chain Mail Armor
50:06 Imperial Age
50:37 Gold Shaft Mining
50:07 Halberdier
Sex_Offender_69
7:18 Loom
11:52 Feudal Age
20:34 Castle Age
19:13 Stone Mining
19:13 Double-Bit Axe
20:50 Elite Skirmisher
28:06 Bow Saw
28:46 Padded Archer Armor
28:37 Fletching
28:58 Forging
39:38 Leather Archer Armor
39:19 Bodkin Arrow
40:00 Iron Casting
39:26 Scale Mail Armor
47:23 Imperial Age
45:31 Wheelbarrow
45:16 Chain Mail Armor
45:30 Ballistics
45:20 Fortified Wall
49:12 Chemistry
49:34 Horse Collar
51:02 Two-Man Saw
50:50 Ring Archer Armor
50:51 Plate Mail Armor
51:22 Blast Furnace
全力释放
1:39 Loom
11:15 Feudal Age
20:02 Castle Age
21:10 Double-Bit Axe
21:26 Horse Collar
23:06 Wheelbarrow
22:19 Town Watch
25:02 Bow Saw
25:46 Hand Cart
26:59 Town Patrol
28:00 Fervor
29:05 Inquisition
32:00 Fletching
32:11 Padded Archer Armor
32:17 Heavy Plow
32:32 Caravan
33:09 Coinage
33:04 Fishing Lines
34:27 Ballistics
35:19 Bodkin Arrow
35:42 Leather Archer Armor
41:36 Murder Holes
41:55 Clinker Construction
41:52 Devotion
42:15 Heresy
42:46 Gold Mining
42:48 Stone Mining
43:23 Husbandry
43:36 Bloodlines
47:10 Imperial Age
49:44 Two-Man Saw
49:48 Chemistry
50:54 Faith
fonsovich
13:25 Feudal Age
26:37 Castle Age
31:35 Wheelbarrow
30:45 Town Watch
35:26 Imperial Age
33:08 Marauders
35:40 Hand Cart
35:26 Town Patrol
38:35 Elite Tarkan
46:23 Elite Skirmisher
49:47 Thumb Ring
Lamb Of God
10:27 Feudal Age
11:11 Loom
22:23 Castle Age
20:38 Double-Bit Axe
21:22 Gold Mining
24:16 Bow Saw
25:49 Stone Mining
30:04 Horse Collar
31:25 Fishing Lines
31:56 Heavy Plow
34:46 Imperial Age
33:14 Gold Shaft Mining
33:14 Padded Archer Armor
34:31 Leather Archer Armor
34:48 Caravan
36:37 Ring Archer Armor
35:59 Fletching
38:16 Two-Man Saw
36:55 Elite Chu Ko Nu
38:40 Wheelbarrow
38:55 Conscription
39:46 Chemistry
39:07 Ballistics
39:16 Bodkin Arrow
41:19 Bracer
41:25 Heated Shot
41:47 Fortified Wall
41:49 Masonry
50:29 Hand Cart
HuntYouDown
0:52 Loom
12:10 Feudal Age
18:17 Double-Bit Axe
21:32 Castle Age
20:14 Wheelbarrow
21:05 Horse Collar
25:27 Hand Cart
32:50 Caravan
35:09 Sipahi
34:54 Stone Mining
34:54 Gold Mining
36:06 Heavy Plow
39:46 Padded Archer Armor
39:38 Fletching
43:09 Imperial Age
40:39 Murder Holes
40:55 Fortified Wall
40:26 Treadmill Crane
40:57 Masonry
40:59 Bodkin Arrow
44:48 Gold Shaft Mining
45:26 Hoardings
45:30 Conscription
44:48 Elite Janissary
45:48 Leather Archer Armor
45:34 Bracer
45:35 Heavy Scorpion
46:45 Artillery
47:30 Ring Archer Armor
JuaniiHalls
1:05 Loom
12:10 Feudal Age
12:52 Double-Bit Axe
13:36 Gold Mining
16:47 Horse Collar
17:20 Town Watch
18:39 Wheelbarrow
23:38 Castle Age
22:00 Man-at-Arms
26:42 Gold Shaft Mining
28:22 Stone Mining
29:24 Guard Tower
31:16 Stone Shaft Mining
32:33 Hand Cart
33:58 Heavy Plow
34:11 Bow Saw
34:34 Murder Holes
38:54 Imperial Age
37:37 Kamandaran
38:04 Husbandry
38:15 Bloodlines
38:10 Squires
37:56 Arson
38:50 Capped Ram
39:43 Citadels
40:25 Conscription
39:30 Crossbowman
41:30 Hoardings
41:19 Pikeman
41:21 Long Swordsman
41:47 Gambesons
42:10 Thumb Ring
43:41 Two-Man Saw
43:05 Padded Archer Armor
42:55 Fletching
43:55 Heavy Camel Rider
47:50 Leather Archer Armor
47:30 Bodkin Arrow
47:41 Scale Barding Armor
47:37 Scale Mail Armor
48:15 Crop Rotation
49:19 Chemistry
48:40 Ballistics
49:18 Halberdier
51:10 Elite War Elephant
MultiHamps
16:37 Feudal Age
17:02 Horse Collar
17:45 Double-Bit Axe
18:17 Man-at-Arms
24:14 Castle Age
25:39 Town Watch
26:08 Forging
26:05 Heavy Plow
26:17 Bow Saw
27:49 Loom
29:30 Iron Casting
30:35 Long Swordsman
31:19 Scale Mail Armor
34:52 Imperial Age
35:40 Elite Boyar
38:34 Heavy Scorpion
41:18 Two-Handed Swordsman
48:37 Pikeman
Connection lost

Rejoining the realm…

Still unreachable

The connection could not be restored.

Session expired

The server has moved on; the page needs a fresh start.